 Dungeon Crawl Stone Soup version 0.19.1 (webtiles) character file.

15784 eric the Severer (level 12, 0/105 HPs)
             Began as a Minotaur Berserker on Dec 27, 2016.
             Was a High Priest of Trog.
             Slain by a freezing wraith (8 damage)
             ... in an ice cave.
             The game lasted 00:25:42 (10495 turns).

eric the Severer (Minotaur Berserker)              Turns: 10495, Time: 00:25:46

Health: 0/105      AC: 22    Str: 26    XL:     12   Next: 4%
Magic:  11/11      EV: 11    Int:  4    God:    Trog [*****.]
Gold:   575        SH:  0    Dex: 11    Spells: 0 memorised, 11 levels left

rFire  . . .     SeeInvis .     B - +4 battleaxe
rCold  . . .     Gourm    +     k - +3 scale mail {rPois}
rNeg   . . .     Faith    .     (shield currently unavailable)
rPois  +         Spirit   .     (helmet restricted)
rElec  .         Reflect  .     x - +2 cloak
rCorr  .         Harm     .     l - +0 pair of gloves
MR     .....                    (no boots)
Stlth  ..........               y - amulet of the gourmand
                                (no ring)
                                u - +6 ring of protection

@: slowed, very slow
A: retaliatory headbutt, horns 2
a: Berserk, Trog's Hand, Brothers in Arms, Burn Spellbooks, Renounce Religion


You were in an ice cave.
You worshipped Trog.
Trog was extremely pleased with you.
You were full.

You visited 3 branches of the dungeon, and saw 13 of its levels.
You also visited: Ice Cave.

You collected 575 gold pieces.

Inventory:

Hand Weapons
 r - a +3 hand axe of freezing
 B - a +4 battleaxe (weapon)
 J - a +3 war axe of electrocution
Missiles
 t - 3 throwing nets (quivered)
 A - 7 steel tomahawks
Armour
 k - a +3 scale mail of poison resistance (worn)
 l - a +0 pair of gloves (worn)
 x - a +2 cloak (worn)
Jewellery
 u - a +6 ring of protection (left hand)
 y - an amulet of the gourmand (around neck)
Wands
 f - a wand of slowing (31/48)
 p - a wand of confusion (27/48)
 z - a wand of lightning (6/15)
 G - a wand of disintegration (8/24)
 K - a wand of heal wounds (6/9)
Scrolls
 a - 9 scrolls of identify
 b - 2 scrolls of noise
 g - 3 scrolls of enchant weapon
 h - 2 scrolls of remove curse
 i - 2 scrolls of enchant armour {unknown}
 n - 2 scrolls of fog
 o - 4 scrolls of teleportation
 H - a scroll of magic mapping {unknown}
 I - a scroll of recharging {unknown}
Potions
 d - a potion of lignification {unknown}
 e - 2 potions of haste
 j - 5 potions of curing
 q - a potion of heal wounds
 s - 4 potions of agility
 v - a potion of beneficial mutation {unknown}
 F - a potion of mutation {unknown}
Comestibles
 c - 7 bread rations
 m - 7 meat rations
 w - 2 beef jerkies
 C - a slice of pizza
 D - 11 royal jellies
 E - 3 fruits


   Skills:
 + Level 9.4 Fighting
 - Level 18.8 Axes
 + Level 8.9 Armour
 - Level 2.1 Dodging


You had 11 spell levels left.
You didn't know any spells.

Dungeon Overview and Level Annotations

Branches:
Dungeon (10/15)            Temple (1/1) D:6            Lair (2/6) D:10
    Orc (0/2) D:9
  Swamp: Lair:2-4    Shoals: Lair:2-4     Snake: Lair:2-4    Spider: Lair:2-4

Altars:
Ashenzari
Cheibriados
Dithmenos
Elyvilon
Fedhas
Gozag
Hepliaklqana
Kikubaaqudgha
Makhleb
Nemelex Xobeh
Okawaru
Qazlal
Ru
Sif Muna
Trog
Uskayaw
Vehumet
Xom
Yredelemnul
Zin
The Shining One
Beogh

Shops:
D:7 *


Innate Abilities, Weirdness & Mutations

You reflexively headbutt those who attack you in melee.
You have a pair of horns on your head.


Message History

Trog accepts your kill.
You barely miss the freezing wraith.
The freezing wraith hits you but does no damage.
The freezing wraith barely misses you.
You hit the freezing wraith but do no damage.
The freezing wraith is heavily damaged.
The freezing wraith closely misses you. The freezing wraith barely misses you.
You hit the freezing wraith but do no damage.
You headbutt the freezing wraith.
The freezing wraith is heavily damaged.
The freezing wraith barely misses you.
The freezing wraith hits you but does no damage.
You closely miss the freezing wraith.
The freezing wraith is heavily damaged.
The freezing wraith hits you!
* * * LOW HITPOINT WARNING * * *
The freezing wraith freezes you!
* * * LOW HITPOINT WARNING * * *
The freezing wraith hits you!
You die...

#...∩...# ##.....##
..## ##...##
##...## ##...#
##....... #...##
#........ #...##
#........ ##...##
#........ ##...#
##W....... ##..#
##.@# ##..## #..###
#..## ##...###
##..#### ##....###
#.#....#.##
###....##
#..........##
###...###
#............##
###...###
#.............####
###...##
##...............##
##...#


You could see a freezing wraith.

Vanquished Creatures
  A hill giant (D:9)
  2 black mambas
  A gargoyle (D:10)
  4 spiny frogs
  6 freezing wraiths (IceCv)
  2 trolls
  Prince Ribbit (D:5)
  4 blink frogs (Lair:1)
  2 hippogriffs (Lair:1)
  2 wyverns
  13 yaks
  A basilisk (Lair:1)
  A death yak simulacrum (IceCv)
  Edmund (D:5)
  2 water moccasins
  Duvessa (D:5)
  2 porcupines
  2 orc warriors
  2 sky beasts
  An alligator simulacrum (IceCv)
  8 ice beasts
  3 phantoms
  A necrophage (D:10)
  9 ogres
  2 centaurs
  3 crocodiles
  6 wolves (Lair:2)
  A big kobold (D:8)
  Blork the orc (D:5)
  7 bullfrogs
  Dowan (D:5)
  3 scorpions
  3 killer bees (D:10)
  An elephant simulacrum (IceCv)
  16 wights
  6 howler monkeys
  4 crimson imps
  2 bullfrog zombies (D:8)
  2 centaur skeletons
  7 orc priests
  4 hounds
  6 jellies
  13 orc wizards
  A bullfrog skeleton (D:7)
  Crazy Yiuf (D:3)
  Jessica (D:3)
  5 iguanas
  Ijyb (D:3)
  8 worker ants
  A killer bee zombie (D:10)
  A wolf simulacrum (IceCv)
  A howler monkey zombie (D:6)
  5 gnolls
  11 adders
  2 shadow imps
  5 white imps (IceCv)
  5 oozes (D:9)
  An adder skeleton (D:4)
  An adder zombie (D:5)
  3 worms
  7 leopard geckos
  49 orcs
  4 giant cockroaches
  6 goblins
  4 hobgoblins
  9 jackals
  6 kobolds
  8 quokkas
  A ball python (D:1)
  7 bats
  5 frilled lizards
  3 quokka skeletons
  4 rats
326 creatures vanquished.

Vanquished Creatures (others)
  A plant (Lair:1)
1 creature vanquished.

Grand Total: 327 creatures vanquished

Notes
Turn   | Place    | Note
-------+----------+-------------------------------------------
     0 | D:1      | eric the Minotaur Berserker began the quest for the Orb.
     0 | D:1      | Reached XP level 1. HP: 19/19 MP: 0/0
   136 | D:1      | Reached skill level 4 in Axes
   136 | D:1      | Reached XP level 2. HP: 24/26 MP: 1/1
   675 | D:2      | Reached skill level 5 in Axes
   760 | D:2      | Reached XP level 3. HP: 29/31 MP: 2/2
  1033 | D:2      | Reached ** piety under Trog
  1562 | D:3      | Reached skill level 6 in Axes
  1562 | D:3      | Reached XP level 4. HP: 39/39 MP: 3/3
  1569 | D:3      | Reached skill level 7 in Axes
  1569 | D:3      | Reached XP level 5. HP: 45/45 MP: 4/4
  1722 | D:3      | Found a runed door.
  1936 | D:3      | Found a burning altar of Makhleb.
  1992 | D:3      | Noticed Ijyb
  2001 | D:3      | Killed Ijyb
  2026 | D:3      | Noticed Jessica
  2033 | D:3      | Killed Jessica
  2119 | D:3      | Reached skill level 8 in Axes
  2193 | D:3      | Noticed Crazy Yiuf
  2198 | D:3      | Killed Crazy Yiuf
  2198 | D:3      | Reached XP level 6. HP: 46/51 MP: 5/5
  2239 | D:4      | Reached *** piety under Trog
  2327 | D:4      | Reached skill level 9 in Axes
  2545 | D:4      | Reached XP level 7. HP: 48/57 MP: 6/6
  2947 | D:5      | Entered Level 5 of the Dungeon
  2955 | D:5      | Reached skill level 10 in Axes
  3133 | D:5      | Noticed Prince Ribbit
  3145 | D:5      | Killed Prince Ribbit
  3145 | D:5      | Reached skill level 11 in Axes
  3151 | D:5      | Noticed Blork the orc
  3198 | D:5      | Killed Blork the orc
  3262 | D:5      | Reached XP level 8. HP: 64/64 MP: 7/7
  3372 | D:5      | Noticed Edmund
  3374 | D:5      | Noticed Dowan
  3375 | D:5      | Noticed Duvessa
  3382 | D:5      | Killed Edmund
  3391 | D:5      | Killed Duvessa
  3391 | D:5      | Reached skill level 12 in Axes
  3409 | D:5      | Killed Dowan
  3914 | D:6      | Reached **** piety under Trog
  3926 | D:6      | Found a staircase to the Ecumenical Temple.
  3974 | D:6      | Reached skill level 13 in Axes
  4136 | D:6      | Found a shadowy altar of Dithmenos.
  4266 | D:6      | Reached XP level 9. HP: 63/70 MP: 8/8
  4286 | D:6      | Reached skill level 14 in Axes
  4490 | D:6      | Found a shattered altar of Ashenzari.
  4515 | D:7      | Found Zin's Purification Station.
  4559 | Temple   | Entered the Ecumenical Temple
  4836 | D:7      | Found a glowing silver altar of Zin.
  5003 | D:7      | Found a bloodstained altar of Trog.
  5064 | D:7      | Reached skill level 15 in Axes
  5223 | D:7      | Reached ***** piety under Trog
  5286 | D:7      | Found an iron altar of Okawaru.
  5805 | D:8      | Received a gift from Trog
  5863 | D:8      | Reached skill level 16 in Axes
  5892 | D:8      | Received a gift from Trog
  5925 | D:8      | Found an opulent altar of Gozag.
  6148 | D:9      | Noticed a troll
  6152 | D:9      | Killed a troll
  6164 | D:9      | Noticed a hill giant
  6168 | D:9      | Killed a hill giant
  6168 | D:9      | Reached XP level 10. HP: 30/77 MP: 9/9
  6461 | D:9      | Found a staircase to the Orcish Mines.
  6888 | D:10     | Entered Level 10 of the Dungeon
  6903 | D:10     | Reached skill level 17 in Axes
  7008 | D:10     | Found a staircase to the Lair.
  7159 | D:10     | Found a roughly hewn altar of Beogh.
  7594 | D:10     | Noticed a black mamba
  7600 | D:10     | Killed a black mamba
  7950 | D:10     | Noticed a gargoyle
  7959 | D:10     | Reached skill level 18 in Axes
  7980 | D:10     | Killed a gargoyle
  8137 | D:10     | Received a gift from Trog
  8243 | D:10     | Reached XP level 11. HP: 82/82 MP: 10/10
  8613 | Lair:1   | Entered Level 1 of the Lair of Beasts
  8884 | Lair:1   | Reached skill level 5 in Fighting
  9015 | Lair:1   | Reached skill level 5 in Armour
  9911 | Lair:2   | Found a frozen archway.
  9927 | IceCv    | Entered an ice cave
 10484 | IceCv    | Reached XP level 12. HP: 83/104 MP: 11/11
 10495 | IceCv    | Slain by a freezing wraith

Skill      XL: |  1  2  3  4  5  6  7  8  9 10 11 |
---------------+----------------------------------+-----
Axes           | 4 5 6 7 8 9 11 13 16 18 | 18.8
Fighting       | 9 |  9.4
Armour         | 8 |  8.9
Dodging        | |  2.1

Action                   |  1- 3 |  4- 6 |  7- 9 | 10-12 || total
-------------------------+-------+-------+-------+-------++-------
Melee: Hand axe          |    68 |    19 |       |       ||    87
       Headbutt          |    14 |    18 |    56 |    76 ||   164
       War axe           |       |    75 |   305 |       ||   380
       Battleaxe         |       |       |    40 |   361 ||   401
Invok: Berserk           |     1 |     1 |     2 |     5 ||     9
Evoke: Wand              |       |       |     1 |       ||     1
  Use: Scroll            |       |       |    10 |       ||    10
       Potion            |       |       |     7 |     2 ||     9
  Eat: Bread ration      |     1 |       |     1 |       ||     2
       Chunk             |       |     2 |    22 |    14 ||    38
Armor: Scale mail        |    24 |    36 |   133 |   173 ||   366
Dodge: Dodged            |    38 |    43 |   139 |   158 ||   378
